Cogmind - Beta 12 @@@ ROGUE MODE // 2023.10.03 @ 18:20:11 Player: Figgis Result: Self-destructed Performance ------------- Evolutions (1) 500 Regions Visited (3) 600 Robots Destroyed (12) 60 Value Destroyed (198) 198 Prototype IDs (0) 0 Alien Tech Used (0) 0 Bonus (0) 0 TOTAL SCORE: 1358 Bonus ------- None Cogmind --------- Core Integrity 249/400 Matter 205/300 Energy 59/100 System Corruption 0% Temperature Cool (2) Movement Flying (34) Location -9/Storage Parts ------- > --- POWER (1) -------- (None) > --- PROPULSION (2) --- Flight Unit VTOL Module > --- UTILITY (4) ------ Sensor Array Signal Interpreter Hacking Suite > --- WEAPON (2) ------- Field Laser Field Laser > --- INVENTORY (5) ---- Hacking Suite Field Laser Field Laser Mace Peak State ------------ > --- POWER ------------ Light Ion Engine > --- PROPULSION ------- Flight Unit VTOL Module > --- UTILITY ---------- Weight Redist. System Sensor Array Signal Interpreter Hacking Suite > --- WEAPON ----------- Field Laser Field Laser > --- INVENTORY -------- Flight Unit Hacking Suite Field Laser Field Laser Mace [Rating: 18] Favorites ----------- Power Ion Engine Engine Ion Engine Propulsion Aluminum Leg Leg Aluminum Leg Flight Unit Flight Unit Utility Small Storage Unit Device Sensor Array Storage Small Storage Unit Processor Signal Interpreter Hackware Hacking Suite Weapon Medium Laser Energy Gun Medium Laser Impact Weapon Mace Build | -11 -10 -9 -9 ------- Run | Jun Mat Mat Sto Slots Evolved 2 | . . 2 . Power . | . . . . Propulsion . | . . . . Utility 2 | . . 2 . Weapon . | . . . . Parts Attached 18 | 5 5 6 2 Power 2 | 1 1 . . Engine 2 | 1 1 . . Core . | . . . . Reactor . | . . . . Propulsion 6 | 1 3 1 1 Treads . | . . . . Leg 2 | 1 1 . . Wheel . | . . . . Hover . | . . . . Flight 4 | . 2 1 1 Utility 5 | 1 1 3 . Device 2 | . 1 1 . Storage 1 | 1 . . . Processor 1 | . . 1 . Hackware 1 | . . 1 . Protection . | . . . . Artifact . | . . . . Weapon 5 | 2 . 2 1 Energy Gun 4 | 2 . 1 1 Energy Cannon . | . . . . Ballistic Gun . | . . . . Ballistic Cannon . | . . . . Launcher . | . . . . Special Weapon . | . . . . Impact Weapon 1 | . . 1 . Slashing Weapon . | . . . . Piercing Weapon . | . . . . Special Melee Weapon . | . . . . Unidentified Prototypes . | . . . . Parts Lost 3 | . . . 3 Power 1 | . . . 1 Propulsion 1 | . . . 1 Utility 1 | . . . 1 Weapon . | . . . . Highest Loss Streak 3 | . . . 3 To Critical Strikes . | . . . . Average Slot Usage (%) 88 | . 87 88 90 Engine 12 | . 14 11 7 Leg 14 | . 24 . . Flight 11 | . 3 22 22 Device 9 | . 2 21 17 Storage 7 | . 13 . . Processor 4 | . . 11 11 Hackware 2 | . . 2 11 Energy Gun 22 | . 28 13 18 Impact Weapon 2 | . . 8 4 Naked Turns . | . . . . Heaviest Build 15 | 14 15 9 10 Greatest Support 20 | 10 20 14 14 Greatest Overweight (x) 3 | 3 1 . 1 Average Overweight (x) . | 1 . . . Largest Inventory Capacity 8 | 8 8 5 5 Average Capacity 6 | 7 7 5 5 Most Carried 8 | 5 8 5 5 Average Carried 4 | 3 4 3 4 Final Capacity 8 | 8 5 5 5 Final Carried 5 | 4 1 5 4 Class Distribution -------------------- 100% | Mutant Dominant Class ---------------- Mutant | -10/Materials Mutant | -9/Materials Mutant | -9/Storage Resources | -11 -10 -9 -9 ----------- Run | Jun Mat Mat Sto Matter Collected 270 | 200 70 . . Remotely . | . . . . Salvage Created 286 | . 210 32 44 Parts 21 | . 17 3 1 Haulers Intercepted . | . . . . Recyclers Shooed 1 | . 1 . . Parts Field Recycled . | . . . . Retrieved Matter . | . . . . Parts Self-Destructed . | . . . . Prevented . | . . . . Kills | -11 -10 -9 -9 ------- Run | Jun Mat Mat Sto Combat Hostiles Destroyed 6 | . 5 . 1 Guns 6 | . 5 . 1 Classes Destroyed 4 | . 4 . . Worker 2 | . 1 1 . Watcher 4 | . 3 1 . Swarmer 3 | . 3 . . Grunt 3 | . 2 . 1 Best Kill Streak 5 | . 5 1 1 Combat Bots Only 3 | . 3 . 1 Max Kills in Single Turn 1 | . 1 1 1 Gunslinging . | . . . . Exploded . | . . . . Melee . | . . . . Uniques/NPCs Destroyed . | . . . . Combat | -11 -10 -9 -9 -------- Run | Jun Mat Mat Sto Damage Taken 419 | . 118 15 286 Core 166 | . 15 15 136 Absorbed by Shields . | . . . . Core Remaining (%) 97 | 100 94 . . Volleys Fired 25 | . 16 3 6 Largest 2 | . 2 1 2 Hottest 126 | . 100 50 126 Shots Fired 47 | . 32 3 12 Gun 47 | . 32 3 12 Cannon . | . . . . Launcher . | . . . . Special . | . . . . Kinetic . | . . . . Thermal 47 | . 32 3 12 Explosive . | . . . . Electromagnetic . | . . . . Robot Hit Streak 7 | . 7 1 2 Robot Miss Streak 4 | . 3 2 4 Penetration Max . | . . . . Secondary Targets . | . . . . Shots Hit Robots 23 | . 17 3 3 Core Hits 14 | . 12 1 1 Critical Kills . | . . . . Critical Parts Destroyed . | . . . . Critical Strikes 4 | . 2 1 1 Burn 4 | . 2 1 1 Melee Attacks 5 | . . 3 2 Impact 5 | . . 3 2 Slashing . | . . . . Piercing . | . . . . Sneak Attacks 1 | . . 1 . Combat Hostiles . | . . . . Follow-up Attacks . | . . . . Damage Inflicted 465 | . 262 150 53 Guns 339 | . 262 24 53 Cannons . | . . . . Explosions . | . . . . Melee 126 | . . 126 . Ramming . | . . . . Kinetic . | . . . . Thermal 339 | . 262 24 53 Explosive . | . . . . Electromagnetic . | . . . . Impact 126 | . . 126 . Slashing . | . . . . Piercing . | . . . . Highest Corruption . | . . . . Average Corruption . | . . . . Corruption Purged . | . . . . Corruption Blocked . | . . . . Overload Shots . | . . . . Overflow Damage 52 | . . 52 . Projectiles . | . . . . Explosions . | . . . . Melee 52 | . . 52 . Knockbacks . | . . . . Impact . | . . . . Kinetic . | . . . . Secondary . | . . . . Self-Inflicted Damage . | . . . . Shots . | . . . . Rammed . | . . . . Targets Rammed . | . . . . Kicked . | . . . . Crushed . | . . . . Highest Temperature 277 | . 259 26 277 Average Temperature 92 | . 80 15 129 Received Heat Transfer 156 | . 6 9 141 Siege Activations . | . . . . Robots Corrupted . | . . . . Combat Hostiles . | . . . . Parts Fried . | . . . . Impact Corruptions 2 | . . 2 . Robots Melted . | . . . . Combat Hostiles . | . . . . Parts Melted 4 | . 2 . 2 Heat Transferred 1258 | . 925 148 185 Parts Sabotaged . | . . . . Parts Stolen . | . . . . Parts Stripped . | . . . . Power Chain Reactions . | . . . . Missiles Intercepted . | . . . . Alert | -11 -10 -9 -9 ------- Run | Jun Mat Mat Sto Peak Influence 258 | . 258 239 200 Initial 108 | . . 108 100 Average 120 | . 116 168 146 Maximum Alert Level 1 | . 1 1 1 Low Security (%) 78 | 100 76 66 84 Level 1 21 | . 23 34 15 Level 2 . | . . . . Level 3 . | . . . . Level 4 . | . . . . Level 5 . | . . . . High Security . | . . . . Max Security . | . . . . Squads Dispatched 4 | . 1 1 2 Investigation 1 | . . 1 . Extermination . | . . . . Reinforcement 3 | . 1 . 2 Assault . | . . . . Garrison . | . . . . Intercept . | . . . . Searches Triggered . | . . . . Construction Impeded . | . . . . Haulers Reinforced . | . . . . Active Scanning Responses . | . . . . Cargo Convoy Interrupts . | . . . . Stealth | -11 -10 -9 -9 --------- Run | Jun Mat Mat Sto Distress Signals 5 | . 1 1 3 Communications Jammed . | . . . . Distress Signals . | . . . . Times Spotted 32 | . 13 6 13 Peak Tracking Total 8 | . 5 5 8 Tactical Retreats 3 | . . 1 2 Traps | -11 -10 -9 -9 ------- Run | Jun Mat Mat Sto Traps Triggered 1 | . . 1 . Indirectly . | . . . . Trap Hack Attempts . | . . . . Triggered . | . . . . Disarmed . | . . . . Reprogrammed . | . . . . Reused . | . . . . Traps Extracted . | . . . . Installed . | . . . . Triggered . | . . . . Machines | -11 -10 -9 -9 ---------- Run | Jun Mat Mat Sto Machines Disabled . | . . . . Max in Single Turn . | . . . . Machines Repaired . | . . . . Machines Sabotaged . | . . . . Overloaded Fab Kills . | . . . . Hacking | -11 -10 -9 -9 --------- Run | Jun Mat Mat Sto Machines Accessed 3 | . 1 1 1 Terminals 3 | . 1 1 1 Fabricators . | . . . . Repair Stations . | . . . . Recycling Units . | . . . . Scanalyzers . | . . . . Garrison Access . | . . . . Total Hacks 7 | . 3 2 2 Successful 5 | . 1 2 2 Failed 2 | . 2 . . Catastrophic 1 | . 1 . . Database Lockouts . | . . . . Manual . | . . . . Terminals 7 | . 3 2 2 Fabricators . | . . . . Repair Stations . | . . . . Recycling Units . | . . . . Scanalyzers . | . . . . Garrison Access . | . . . . Terminal Hacks 5 | . 1 2 2 Part Schematic 1 | . . . 1 Locate Traps 1 | . . 1 . Patrol Status 1 | . 1 . . Zone Layout 2 | . . 1 1 Fabricator Hacks . | . . . . Repair Station Hacks . | . . . . Recycling Unit Hacks . | . . . . Scanalyzer . | . . . . Garrison Access Hacks . | . . . . Unauthorized Hacks . | . . . . Terminals . | . . . . Fabricators . | . . . . Repair Stations . | . . . . Recycling Units . | . . . . Scanalyzers . | . . . . Garrison Access . | . . . . Data Cores Recovered . | . . . . Used . | . . . . Hacking Detections 2 | . 1 1 . Full Trace Events . | . . . . Feedback Events . | . . . . Feedback Blocked . | . . . . Robot Schematics Acquired . | . . . . Robots Built . | . . . . Authchips . | . . . . Time . | . . . . Total Robot Build Rating . | . . . . Part Schematics Acquired 1 | . . . 1 Parts Built . | . . . . Authchips . | . . . . Time . | . . . . Total Part Build Rating . | . . . . Parts Repaired . | . . . . Time . | . . . . Parts Recycled . | . . . . Recycled Matter . | . . . . Retrieved Matter . | . . . . Retrieved Components . | . . . . Parts Scanalyzed . | . . . . Part Schematics Acquired . | . . . . Parts Damaged . | . . . . Bothacking | -11 -10 -9 -9 ------------ Run | Jun Mat Mat Sto Used RIF Installer . | . . . . Robots Hacked . | . . . . Non-combat . | . . . . Combat . | . . . . Robot Hacks Applied . | . . . . Relay Couplers Released . | . . . . Fabnet Peak Effective % . | . . . . Robots Rewired . | . . . . Allies Hacked . | . . . . Hacks Repelled . | . . . . Allies | -11 -10 -9 -9 -------- Run | Jun Mat Mat Sto Total Allies . | . . . . Largest Group . | . . . . Highest-Rated Group . | . . . . Highest-Rated Ally . | . . . . Total Orders . | . . . . Ally Attacks . | . . . . Total Damage . | . . . . Kills . | . . . . Allies Corrupted . | . . . . Allies Melted . | . . . . Intel | -11 -10 -9 -9 ------- Run | Jun Mat Mat Sto Robot Analysis Total . | . . . . Derelict Logs Recovered . | . . . . Drone Launches . | . . . . Drone Recoveries . | . . . . Exploration | -11 -10 -9 -9 ------------- Run | Jun Mat Mat Sto Turns Passed 697 | 72 363 150 112 Spaces Moved 791 | 36 265 321 169 Core 15 | 15 . . . Treads . | . . . . Legs 223 | 21 202 . . Wheels . | . . . . Hover . | . . . . Flight 553 | . 63 321 169 Fastest Speed 34 | 50 37 34 34 Average Speed 65 | 165 108 34 36 Slowest Speed 200 | 200 120 37 115 Overloaded Moves . | . . . . Propulsion Burnouts . | . . . . Robots Hopped 7 | . . 3 4 Cave-ins Triggered . | . . . . Exploration Rate (%) 28 | 4 45 32 33 Regions Visited 3 Branch Regions 1 Pre-discovered Areas . | . . . . Known Exits Taken 1 | . . 1 . Unknown Exits Taken 2 | 1 1 . . Scrap Searched . | . . . . Spaces Dug . | . . . . Terrain Destroyed . | . . . . Melee . | . . . . Projectile . | . . . . AOE . | . . . . Terrain Rammed . | . . . . Walls Destroyed . | . . . . Machines Disabled . | . . . . Actions | -11 -10 -9 -9 --------- Run | Jun Mat Mat Sto Total 910 | 49 311 351 199 Wait 41 | . 12 5 24 Move 775 | 35 264 314 162 Hop 6 | . . 3 3 Pick Up 27 | 9 6 12 . Fast Attach . | . . . . Attach 13 | 5 2 5 1 Detach . | . . . . Swap 5 | . 3 1 1 Drop 13 | . 8 5 . Fire 25 | . 16 3 6 Melee 5 | . . 3 2 Ram . | . . . . Kick . | . . . . Crush . | . . . . Escape Stasis . | . . . . Rewire . | . . . . Trap . | . . . . Miscellaneous . | . . . . Route ------- -11/Junkyard -10/Materials (discovered 2 exits: *Mat x2) -9/Materials -9/Storage History --------- Turn | Location | Event 21 | -11/Junkyard | Discovered new exit (range 15) 73 | -11/Junkyard | Entered Materials 187 | -10/Materials | Discovered new exit (range 14) 303 | -10/Materials | Build established: Mutant 435 | -10/Materials | Discovered new exit (range 4) 436 | -10/Materials | Entered another Materials area 436 | -9/Materials | Evolved 2 slots: Utility x2 440 | -9/Materials | Discovered new exit (range 16) 544 | -9/Materials | Identified exit to Storage 586 | -9/Materials | Entered Storage 684 | -9/Storage | Lost 3 parts (1p1n1u) 698 | -9/Storage | Self-destructed Last Messages --------------- >>Schematic(Transmission Jammer) Downloading schematic... Transmission Jammer Rating: 4 Schematic downloaded. >>Layout(Zone) Retrieving Zone 8C layout... Downloaded map data. 00612_ K-01 Serf collects debris. 00618_ ALERT: Hostiles spotted, dispatching reinforcements to Terminal S004. 00637_ G-34 Mercenary suffers critical hit (Burn). 00640_ Heat Sink melted. 00640_ Aluminum Leg melted. 00640_ G-34 Mercenary destroyed. 00649_ Weight Redist. System destroyed. 00652_ Lgt. Ion Engine destroyed. 00652_ Critical hit (Burn: +37). 00653_ Flight Unit destroyed. 00670_ Connecting with Door Terminal... Map ----- +----------------------------------------------------+ | ????????????????????????????????????????????? | | ????????????????????????????????????????????? | | ????????????????????????????????????????????? | | ????????????????????????????????????????????? | | ? ????????????????????????????????????????? | | # ????????????????????????????????????????? | | # ????????????????????????????????????????? | | # ????Y??????#########????????????????????? | | # ??? "??????# #????????????????????? | | # """ #??????# #????????????????????? | | # """ #??????# #????????????????????? | | # ! """ ##?????# #????????????????????? | | # #?????# #????????????????????? | | ? #??????# #????????????????????? | | ?? ?######## #?????????X??????????? | | ####+#### ## #????????????????????? | | ## #????????????????????? | | + #????????????????????? | | ## x ####+##??????????????? | | ####+#### ###+##+#/## #??????????????? | | # #######?# X #??????????????? | | # #???????# T #??????????????? | | # #???????# ####### #??????????????? | | # #??????##/########Y #???????????????? | | # !![#??????# #Y #???????????????? | | # ![[#??????# """""" @ #???????????????? | | # ![[#??????# "????" # #???????##??????? | | # #??????# "????" # ########T#"?????? | | # "T" #??????# """""" + "?????? | | # """ #??????# # "?????? | | # ! #??????# #############"?????? | | ##?? ####??????# #??????????????????? | | ???????????????###########??????????????????? | | ????????????????????????????????????????????? | | ????????????????????????????????????????????? | | ????????????????????????????????????????????? | | | | | | | | | | | | | | | | | | | | | | | | | | | | | +----------------------------------------------------+ Best States ------------- Heat Dissipation 28 Energy Generation 10 Energy Capacity 250 Matter Stores 300 Matter Capacity 300 Sight Range 16 Robot Scan Range 14 Terrain Scan Density 10 Additional Mass Support 6 Evasion (%) 63 Offensive Hacking 10 Item Schematics ----------------- Transmission Jammer | -9/Storage | Hacked Robot Schematics ------------------ None Fabricated ------------ Nothing Alien Tech Used ----------------- None Achievements -------------- None Challenges ------------ None Game ------ Seed LongswordThiefMembrane Manual? 0 Play Time 00:10:35 Cumulative 19.0 hours Start 2023.10.03 @ 17:46:34 End 2023.10.03 @ 18:20:11 Sessions 1 Manual Loads 0 Difficulty Rogue Special Mode None Game No. 41 Rogue 38 Adventurer 3 Explorer 0 Win Type - Total 0 Types 0/0/0/0/0/0/0/0/0 Lore% 20 Gallery% 28 Achievement% 22 Wizard Run 0 Options --------- ASCII 0 Keyboard 0 Movement Mouse Keybinds 0 Fullscreen 2 Font 18/SmallcapsGlow Map View 76x50 Tactical HUD 1 Map Filters NONE Filters NONE Steam 1 RUN: 1127cbe8-9aa0-4812-88a0-037828bc5b80